 Dungeon Crawl Stone Soup version 0.28.0-53-g5a82cb258f (webtiles) character file.

Game seed: 1243906596392537562

15 Logoto the Firebug (level 2, -1/20 HPs)
             Began as a Hill Orc Fire Elementalist on Aug 3, 2022.
             Slain by a kobold
             ... wielding a +0 dagger
              (2 damage)
             ... on level 1 of the Dungeon.
             The game lasted 00:01:26 (279 turns).

Logoto the Firebug (Hill Orc Fire Elementalist)      Turns: 279, Time: 00:01:26

Health: -1/20      AC:  2    Str: 10    XL:     2   Next: 50%
Magic:  0/4        EV: 12    Int: 15    God:
Gold:   29         SH:  0    Dex: 11    Spells: 3/4 levels left

rFire   . . .      SeeInvis .   (no weapon)
rCold   . . .      Faith    .   (no shield)
rNeg    . . .      Spirit   .   a - +0 robe
rPois   .          Reflect  .   (no helmet)
rElec   .          Harm     .   (no cloak)
rCorr   .          Rampage  .   (no gloves)
Will    .....                   (no boots)
Stlth   ++........              (no amulet)
HPRegen 0.06/turn               (no ring)
MPRegen 0.09/turn               (no ring)

@: no status effects
A: no striking features
a: no special abilities


You were on level 1 of the Dungeon.
You visited 1 branch of the dungeon, and saw 1 of its levels.

You collected 29 gold pieces.

Inventory:

Armour
 a - a +0 robe (worn)
Potions
 b - a potion of resistance {unknown}


   Skills:
 + Level 1.6 Dodging
 + Level 1.6 Stealth
 + Level 1.6 Spellcasting
 + Level 1.0 Conjurations
 + Level 4.0 Fire Magic


You had 3 spell levels left.
You knew the following spells:

 Your Spells              Type           Power      Damage    Failure   Level
a - Foxfire               Conj/Fire      32%        2x1d5     9%          1

Your spell library contained the following spells:

 Spells                   Type           Power      Damage    Failure   Level
 Scorch                   Fire           26%        2d6       7%          2
 Conjure Flame            Conj/Fire      8%         6-21      24%         3
 Inner Flame              Hex/Fire       7%         N/A       30%         3
 Flame Wave               Conj/Fire      8%         2d5       63%         4


Dungeon Overview and Level Annotations

Branches:
Dungeon (1/15)

Altars:


Message History

Your Fire Magic skill increases to level 4!
Casting: Foxfire (safe; 9% risk of failure)
Confirm with . or Enter, or press ? or * to list all spells.
You don't have enough magic to cast this spell.
The frilled lizard closely misses you.
The jackal bites you but does no damage.
Your magical contamination has completely faded away.
The jackal barely misses you.
The jackal bites you but does no damage.
The kobold barely misses you. The jackal closely misses you.
Casting: Foxfire (safe; 9% risk of failure)
Confirm with . or Enter, or press ? or * to list all spells.
You conjure some foxfire!
The jackal barely misses you. The frilled lizard bites you.
The kobold closely misses you.
Found 25 stones.
Found a stone staircase leading down.
The foxfire hits the jackal.
You kill the jackal!
The foxfire hits the frilled lizard.
You kill the frilled lizard!
An endoplasm comes into view.
The endoplasm quivers.
The kobold hits you with a +0 club.
A bat comes into view.
The bat moves out of view.
The endoplasm jiggles.
Casting: Foxfire (safe; 9% risk of failure)
Confirm with . or Enter, or press ? or * to list all spells.
You conjure some foxfire!
The kobold hits you with a +0 club.
* * * LOW HITPOINT WARNING * * *
The foxfire hits the endoplasm but does no damage.
The foxfire hits the endoplasm.
The endoplasm is moderately wounded.
The endoplasm closely misses you.
Found a ring mail.
The kobold hits you with a +0 club.
* * * LOW HITPOINT WARNING * * *
A kobold and a bat come into view.
Found a knobbly glowing staff.
The kobold hits you with a +0 dagger.
You die...

.... .... .. ....#####
.... #|# #........ ....
.... .b....... ....
#.#.# #........ .h..
........[...... ....
#.#.#.#........
.................b......
.....#.#.#.#.#.#@K......
.........(.......#....##
######.#.#.#.#.#K# ...#
####...........J# ..#
#...#.#.#.#.#>#.# .#
#...............# +
#...............#
#........########
#........#


You could see an endoplasm, 2 bats and 2 kobolds.

Vanquished Creatures
  3 ball pythons (D:1)
  A bat (D:1)
  An endoplasm (D:1)
  A giant cockroach (D:1)
  A hobgoblin (D:1)
  3 jackals (D:1)
  A frilled lizard (D:1)
  A rat (D:1)
12 creatures vanquished.

Vanquished Creatures (others)
  21 foxfires (D:1)
21 creatures vanquished.

Grand Total: 33 creatures vanquished

Notes
Turn   | Place    | Note
-------+----------+-------------------------------------------
     0 | D:1      | Logoto the Hill Orc Fire Elementalist began the quest for
                  | the Orb.
     0 | D:1      | Reached XP level 1. HP: 14/14 MP: 3/3
    88 | D:1      | Reached XP level 2. HP: 16/20 MP: 0/4
   212 | D:1      | Found a faded altar of an unknown god.
   254 | D:1      | Reached skill level 4 in Fire Magic
   275 | D:1      | HP: 1/20 [kobold/+0 club (4)]
   279 | D:1      | Slain by a kobold

Illustrated notes

Levels and vault maps discovered:
D:1:      erik_arrival_triangle_small, layout_basic, basic_ecumenical_altar,
          st_stairs_10, minmay_quantized

Skill      XL: |  1  2 |
---------------+-------+-----
Fire Magic     | 4 |  4.0
Dodging        | |  1.6
Stealth        | |  1.6
Spellcasting   | |  1.6
Conjurations   | |  1.0

Action                   || total
-------------------------++-------
Melee: Unarmed           ||    12
 Cast: Foxfire           ||    14
Armor: Robe              ||     4
Dodge: Dodged            ||    29
